 Dungeon Sprint DCSS version 0.27-a0-773-gaaee5cf45b (webtiles) character file.

Game seed: 1986736969812754013

14 mhtbhm the Cudgeller (level 2, -6/46 HPs)
             Began as a Troll Berserker on Mar 26, 2021.
             Was a Believer of Trog.
             Mangled by an ice beast (7 damage)
             ... in the Dungeon (Sprint IX: "|||||||||||||||||||||||||||||").
             The game lasted 00:00:08 (132 turns).

mhtbhm the Cudgeller (Troll Berserker)               Turns: 132, Time: 00:00:09

Health: -6/46      AC:  4    Str: 24    XL:     2   Next: 31%
Magic:  1/1        EV: 10    Int:  3    God:    Trog [**....]
Gold:   0          SH:  0    Dex:  9    Spells: 1/1 levels left

rFire    . . .     SeeInvis .   a - +0 mace
rCold    . . .     Faith    .   (no shield)
rNeg     . . .     Spirit   .   b - +0 animal skin
rPois    .         Reflect  .   (helmet restricted)
rElec    .         Harm     .   (no cloak)
rCorr    .         Rampage  .   (gloves unavailable)
Will     .....     NoTele   +   (boots unavailable)
Stlth    ..........             (no amulet)
HPRegen  1.15/turn              (no ring)
MPRegen  0.07/turn              (no ring)

@: berserking, very quick
A: large, unfitting armour, claws 3, regeneration 1, shaggy fur 1, tough skin 1
a: Renounce Religion, Berserk, Trog's Hand


You were in the Dungeon.
You worshipped Trog.
Trog was pleased with you.
You visited 1 branch

Inventory:

Hand Weapons
 a - a +0 mace (weapon)
Armour
 b - a +0 animal skin (worn)
Scrolls
 h - a scroll of blinking
Potions
 c - a potion of curing
 d - a potion of heal wounds
 e - a potion of haste
 f - 2 potions of magic
 g - a potion of berserk rage


   Skills:
 + Level 3.2 Fighting
 + Level 3.7 Maces & Flails
 + Level 3.4 Dodging


You had one spell level left.
You didn't know any spells.
Your spell library was empty.

Dungeon Overview and Level Annotations

Branches:
Dungeon (1/1)

Altars:


Innate Abilities, Weirdness & Mutations

You are too large for most types of armour.
You have claws for hands.
Your natural rate of healing is unusually fast.
You are covered in fur. (AC +1)
You have tough skin. (AC +1)


Message History

No target in view!
No target in view!
Items here: ) †††.
You start waiting.
Done waiting.
You open the door.
A water moccasin, an ice beast, an orc wizard, a white imp and a zombie come into view.
The orc wizard shouts!
The white imp shouts, "Return whence thou came, thou villainous common-kissing malt-worm!"
The white imp gestures at you. The puff of frost hits you!
The white imp hits you. The white imp freezes you.
There is an open door here.
A red film seems to cover your vision as you go berserk!
You feel yourself moving faster!
You feel mighty!
The white imp hits you but does no damage.
You barely miss the white imp. The white imp hits you.
The white imp freezes you.
* * * LOW HITPOINT WARNING * * *
You thump the white imp!
The white imp is severely wounded.
The white imp barely misses you.
You hit the white imp.
The white imp is almost dead.
The white imp gestures at you. The puff of frost hits you!
* * * LOW HITPOINT WARNING * * *
You closely miss the white imp.
The white imp is almost dead.
You hit the white imp.
You kill the white imp!
Trog accepts your kill.
The orc wizard casts a spell at itself.
The orc wizard flickers and vanishes!
Deactivating autopickup; reactivate with Ctrl-A.
You have reached level 2!
You closely miss the ice beast. The ice beast hits you.
* * * LOW HITPOINT WARNING * * *
The ice beast freezes you!
You die... ▓▓▓▓▓▓▓▓▓▓▓▓▓▓▓▓▓▓ +Z{.SY@....)'...<▓ ▓▓▓▓▓▓▓▓▓▓▓▓▓▓▓▓▓▓

You could see a water moccasin, an ice beast and a jackal zombie.

Vanquished Creatures
  A white imp (D)
  A dart slug (D)
  An endoplasm (D)
  A goblin (D)
  A hobgoblin (D)
  A bat (D)
6 creatures vanquished.

Notes
Turn   | Place    | Note
-------+----------+-------------------------------------------
     0 | D        | mhtbhm the Troll Berserker began the quest for the Orb.
     0 | D        | Reached XP level 1. HP: 22/22 MP: 0/0
    11 | D        | Reached ** piety under Trog
   124 | D        | Noticed an orc wizard
   124 | D        | Noticed a water moccasin
   124 | D        | Noticed an ice beast
   129 | D        | HP: 1/34 [white imp/puff of frost (9)]
   132 | D        | Reached XP level 2. HP: 5/31 MP: 1/1
   132 | D        | Mangled by an ice beast

Illustrated notes

Levels and vault maps discovered:
D:        linesprint [early_d, line_temple, items_1, d_10, items_2, lair_1,
          lair_end, items_3, orc_1, orc_end, items_4, d_15, swamp_1, shoals_1,
          snake_1, spider_1, d_20, vaults_1, items_5, swamp_end, shoals_end,
          snake_end, spider_end, vaults_end, d_27, items_6, zot_1, zot_end,
          crypt_end, forest_end, elf_end, slime_end, tomb_end, abyss_end,
          pan_hell_end]

Skill      XL: |  1 |
---------------+----+-----
Maces & Flails | 3 |  3.7
Dodging        | 3 |  3.4
Fighting       | 3 |  3.2

Action                   || total
-------------------------++-------
Melee: Mace              ||    20
Invok: Berserk           ||     1
Armor: Animal skin       ||     8
Dodge: Dodged            ||     6

Table legend: (Time is in decaauts)
 A = Elapsed time spent in this place.
 B = Non-inter-level travel time spent in this place.
 C = Inter-level travel time spent in this place.
 D = Time resting spent in this place.
 E = Time spent auto-exploring this place.
 F = Levels seen in this place.
 G = Mean time per level.
                   A        B        C        D        E       F      G
               +--------+--------+--------+--------+--------+-----+--------+
         Total |    134 |    134 |      0 |    100 |      3 |   1 |  134.0 |
       Dungeon |    134 |    134 |      0 |    100 |      3 |   1 |  134.0 |
               +--------+--------+--------+--------+--------+-----+--------+

Top non-repeatable levels by time:
       D: 134 daAuts
